 Dungeon Crawl Stone Soup version 0.27-a0-1188-g73eefd5def (webtiles) character file.

Game seed: 17879875133958638692

189 lunkers the Stinger (level 5, -5/37 HPs)
             Began as a Gnoll Venom Mage on May 20, 2021.
             Slain by an orc
             ... wielding a +0 morningstar
              (7 damage)
             ... on level 4 of the Dungeon.
             The game lasted 00:04:13 (2489 turns).

lunkers the Stinger (Gnoll Venom Mage)              Turns: 2489, Time: 00:04:14

Health: -5/37      AC:  2    Str: 10 (13) XL:     5   Next: 68%
Magic:  12/12      EV: 13    Int: 13 (15) God:
Gold:   141        SH:  0    Dex: 11 (13) Spells: 13/14 levels left

rFire    . . .     SeeInvis .     - Unarmed
rCold    + . .     Faith    .   (no shield)
rNeg     . . .     Spirit   .   a - +0 robe
rPois    .         Reflect  .   (no helmet)
rElec    .         Harm     .   (no cloak)
rCorr    .         Rampage  .   (no gloves)
Will     .....                  (no boots)
Stlth    ++........             (no amulet)
HPRegen  0.12/turn              h - ring of protection from cold
MPRegen  0.13/turn              j - +6 ring of strength

@: mighty, lethally poisoned (-5 -> -7)
A: fangs 1, strong nose, distributed training
a: no special abilities


You were on level 4 of the Dungeon.
You visited 1 branch of the dungeon, and saw 3 of its levels.

You collected 141 gold pieces.

Inventory:

Armour
 a - a +0 robe (worn)
Magical Staves
 b - a staff of death
Jewellery
 h - a ring of protection from cold (left hand)
 j - a +6 ring of strength (right hand)
Scrolls
 c - 3 scrolls of noise {unknown}
 d - 4 scrolls of identify {unknown}
 i - a scroll of fear {unknown}
 l - 2 scrolls of amnesia {unknown}
 m - a scroll of enchant armour {unknown}
Potions
 g - a potion of might
 k - a potion of flight {unknown}
 n - a potion of ambrosia {unknown}


   Skills:
 + Level 1.6 Fighting
 + Level 1.6 Short Blades
 + Level 1.6 Long Blades
 + Level 1.6 Axes
 + Level 1.6 Maces & Flails
 + Level 1.6 Polearms
 + Level 1.6 Staves
 + Level 1.6 Slings
 + Level 1.6 Bows
 + Level 1.6 Crossbows
 + Level 1.6 Throwing
 + Level 1.6 Armour
 + Level 4.8 Dodging
 + Level 4.4 Stealth
 + Level 1.6 Shields
 + Level 1.6 Unarmed Combat
 + Level 5.2 Spellcasting
 + Level 1.2 Conjurations
 + Level 1.2 Hexes
 + Level 1.2 Summonings
 + Level 1.2 Necromancy
 + Level 1.2 Translocations
 + Level 2.4 Transmutations
 + Level 1.2 Fire Magic
 + Level 1.2 Ice Magic
 + Level 1.2 Air Magic
 + Level 1.2 Earth Magic
 + Level 5.5 Poison Magic
 + Level 1.8 Invocations
 + Level 1.6 Evocations


You had 13 spell levels left.
You knew the following spells:

 Your Spells              Type           Power      Damage    Failure   Level
a - Sting                 Tmut/Pois      52%        1d5       3%          1

Your spell library contained the following spells:

 Spells                   Type           Power      Damage    Failure   Level
 Poisonous Vapours        Pois/Air       24%        N/A       7%          2
 Ignite Poison            Fire/Tmut/Pois 11%        N/A       16%         3
 Mephitic Cloud           Conj/Pois/Air  10%        N/A       19%         3
 Olgreb's Toxic Radiance  Pois           17%        N/A       19%         4


Dungeon Overview and Level Annotations

Branches:
Dungeon (2/15)

Altars:


Innate Abilities, Weirdness & Mutations

You have very sharp teeth.
Your uncanny sense of smell can sniff out nearby items.
Your experience applies equally to all skills.


Message History

The orc closely misses you. The scorpion closely misses you.
The orc barely misses you.
Unknown command.
Casting: Sting (safe; 3% risk of failure)
Confirm with . or Enter, or press ? or * to list all spells.
Aiming: Sting (safe; 3% risk of failure)
Press: ? - help, Shift-Dir - straight line, f/p - scorpion
Aim: a scorpion (heavily wounded, very poisoned, 74% to hit)
The sting hits the scorpion but does no damage.
The scorpion looks even sicker.
The scorpion is heavily wounded.
* * * LOW MAGIC WARNING * * *
* * * LOW HITPOINT WARNING * * *
You feel very sick. The scorpion barely misses you.
The orc hits you but does no damage. x2
The scorpion stings you but does no damage.
Unknown command.
Unknown command.
* * * LOW HITPOINT WARNING * * *
You feel sick. The orc hits you with a +0 short sword.
* * * LOW HITPOINT WARNING * * *
Unknown command.
Okay, then.
* * * LOW HITPOINT WARNING * * *
You feel sick.
It was a potion of might.
You feel very mighty all of a sudden.
* * * LOW HITPOINT WARNING * * *
You feel sick.
You kill the scorpion!
The orc closely misses you.
It was a potion of degeneration.
There was something very wrong with that liquid.
You feel weakened.
You feel dopey.
You feel clumsy.
* * * LOW HITPOINT WARNING * * *
You feel sick. The orc closely misses you. x2
It was a potion of magic.
Magic courses through your body.
* * * LOW HITPOINT WARNING * * *
You feel sick. The orc hits you with a +0 morningstar!
You die...

#.............#
#............###....
#............##.....
#............##.....
#............#..#...
#............#..#...
#..............#....
#(..........#..#....
##.@o.........##....
###o.........##....
##.)........))...
###.####........
#..# ##....... #..#
#..###.. ..##
##..###. ... #..# ##
.... ##..


You could see 2 orcs.

Vanquished Creatures
  A scorpion (D:4)
  A hound (D:4)
  A gnoll (D:2)
  2 adders (D:2)
  An ufetubus (D:4)
  3 worms (D:2)
  2 dart slugs
  3 orcs (D:4)
  6 ball pythons
  3 bats
  5 endoplasms (D:1)
  6 goblins
  A hobgoblin (D:2)
  3 jackals (D:4)
  4 kobolds
  A quokka (D:1)
  A frilled lizard (D:2)
  A quokka zombie (D:4)
  8 rats
53 creatures vanquished.

Notes
Turn   | Place    | Note
-------+----------+-------------------------------------------
     0 | D:1      | lunkers the Gnoll Venom Mage began the quest for the Orb.
     0 | D:1      | Reached XP level 1. HP: 13/13 MP: 6/6
   127 | D:1      | Reached XP level 2. HP: 19/19 MP: 3/7
   642 | D:1      | Found a faded altar of an unknown god.
   690 | D:1      | Reached XP level 3. HP: 25/25 MP: 6/9
  1099 | D:2      | Reached skill level 5 in Spellcasting
  1450 | D:2      | Reached skill level 1 in Invocations
  1648 | D:2      | Reached skill level 1 in Fighting
  1648 | D:2      | Reached skill level 1 in Short Blades
  1648 | D:2      | Reached skill level 1 in Long Blades
  1648 | D:2      | Reached skill level 1 in Axes
  1648 | D:2      | Reached skill level 1 in Maces & Flails
  1648 | D:2      | Reached skill level 1 in Polearms
  1648 | D:2      | Reached skill level 1 in Staves
  1648 | D:2      | Reached skill level 1 in Slings
  1648 | D:2      | Reached skill level 1 in Bows
  1648 | D:2      | Reached skill level 1 in Crossbows
  1648 | D:2      | Reached skill level 1 in Throwing
  1648 | D:2      | Reached skill level 1 in Armour
  1648 | D:2      | Reached skill level 1 in Shields
  1648 | D:2      | Reached skill level 1 in Unarmed Combat
  1648 | D:2      | Reached skill level 1 in Evocations
  1648 | D:2      | Reached XP level 4. HP: 28/32 MP: 4/11
  2272 | D:2      | You fall into a shaft and drop 2 floors!
  2442 | D:4      | Reached skill level 1 in Conjurations
  2442 | D:4      | Reached skill level 1 in Hexes
  2442 | D:4      | Reached skill level 1 in Summonings
  2442 | D:4      | Reached skill level 1 in Necromancy
  2442 | D:4      | Reached skill level 1 in Translocations
  2442 | D:4      | Reached skill level 1 in Fire Magic
  2442 | D:4      | Reached skill level 1 in Ice Magic
  2442 | D:4      | Reached skill level 1 in Air Magic
  2442 | D:4      | Reached skill level 1 in Earth Magic
  2455 | D:4      | Reached XP level 5. HP: 37/37 MP: 9/12
  2489 | D:4      | Slain by an orc

Illustrated notes

Levels and vault maps discovered:
D:1:      mrwooster_arrival_arrow, layout_basic,
          shapermc_ecumenical_altar_mp_urbaneastern, minmay_tromino_v4_b
D:2:      layout_loops_ring, minmay_joined_circles
D:4:      minmay_chambers_of_twos, layout_cave_pods,
          nicolae_yredelemnul_corpse_copse, minmay_temple_entry_stoned_glass

Skill      XL: |  1  2  3  4 |
---------------+-------------+-----
Transmutations | 2 |  2.4
Spellcasting   | 5 |  5.2
Invocations    | 1 |  1.8
Fighting       | 1 |  1.6
Short Blades   | 1 |  1.6
Long Blades    | 1 |  1.6
Axes           | 1 |  1.6
Maces & Flails | 1 |  1.6
Polearms       | 1 |  1.6
Staves         | 1 |  1.6
Slings         | 1 |  1.6
Bows           | 1 |  1.6
Crossbows      | 1 |  1.6
Throwing       | 1 |  1.6
Armour         | 1 |  1.6
Shields        | 1 |  1.6
Unarmed Combat | 1 |  1.6
Evocations     | 1 |  1.6
Conjurations   | 1 |  1.2
Hexes          | 1 |  1.2
Summonings     | 1 |  1.2
Necromancy     | 1 |  1.2
Translocations | 1 |  1.2
Fire Magic     | 1 |  1.2
Ice Magic      | 1 |  1.2
Air Magic      | 1 |  1.2
Earth Magic    | 1 |  1.2
Dodging        | |  4.8
Stealth        | |  4.4
Poison Magic   | |  5.5

Action                   |  1- 3 |  4- 6 || total
-------------------------+-------+-------++-------
Melee: Unarmed           |       |    11 ||    11
       Bite              |       |     1 ||     1
 Cast: Sting             |    61 |    45 ||   106
  Use: Potion            |       |     3 ||     3
Armor: Robe              |     2 |     6 ||     8
Dodge: Dodged            |    12 |    36 ||    48

Table legend: (Time is in decaauts)
 A = Elapsed time spent in this place.
 B = Non-inter-level travel time spent in this place.
 C = Inter-level travel time spent in this place.
 D = Time resting spent in this place.
 E = Time spent auto-exploring this place.
 F = Levels seen in this place.
 G = Mean time per level.
                   A        B        C        D        E       F      G
               +--------+--------+--------+--------+--------+-----+--------+
         Total |   2488 |   2467 |     21 |     86 |   2032 |   3 |  829.3 |
       Dungeon |   2488 |   2467 |     21 |     86 |   2032 |   3 |  829.3 |
               +--------+--------+--------+--------+--------+-----+--------+

Top non-repeatable levels by time:
     D:1: 1175 daAuts
     D:2: 1096 daAuts
     D:4: 216 daAuts
